 Dungeon Crawl Stone Soup version 0.26-b1-32-g5d43845318 (webtiles) character file.

Game seed: 2379953147543377228

1407 DungeonDestroyer the Poker (level 8, 0/59 HPs)
             Began as a Demigod Fighter on Jan 5, 2021.
             Killed from afar by an electric eel (5 damage)
             ... with a bolt of electricity
             ... on level 7 of the Dungeon.
             The game lasted 00:10:22 (5789 turns).

DungeonDestroyer the Poker (Demigod Fighter)        Turns: 5789, Time: 00:10:22

Health: 0/59       AC:  7    Str: 29      XL:     8   Next: 19%
Magic:  14/14      EV:  8    Int: 12      God:
Gold:   336        SH: 17    Dex: 14 (15) Spells: 11/11 levels left

rFire    . . .     SeeInvis .   n - +3 spear (freeze)
rCold    . . .     Faith    .   c - +1 kite shield
rNeg     . . .     Spirit   .   q - +0 chain mail
rPois    .         Reflect  +   (no helmet)
rElec    .         Harm     .   p - scarf {+Inv}
rCorr    .         Rampage  .   (no gloves)
Will     .....     Clarity  +   (no boots)
Stlth    ..........             l - amulet of reflection
HPRegen  0.19/turn              j - -4 ring of protection (curse)
MPRegen  0.14/turn              r - +6 ring of strength

@: very slow
A: slimy green scales 1, clarity, frail 1, high mp 1
a: Evoke Invisibility


You were on level 7 of the Dungeon.
You visited 2 branches of the dungeon, and saw 8 of its levels.

You collected 336 gold pieces.

Inventory:

Hand Weapons
 a - a +0 trident
 n - a +3 spear of freezing (weapon)
Missiles
 h - 11 boomerangs (quivered)
 k - 23 poisoned darts
 m - 6 atropa-tipped darts
Armour
 c - a +1 kite shield (worn)
 p - a scarf of invisibility (worn)
 q - a +0 chain mail (worn)
Jewellery
 j - a cursed -4 ring of protection (left hand)
 l - an amulet of reflection (around neck)
 r - a +6 ring of strength (right hand)
 t - a cursed ring of teleportation {unknown}
 v - an uncursed ring of stealth
 x - an uncursed ring of resist corrosion
Wands
 o - a wand of polymorph (7)
 A - a wand of iceblast (4)
Scrolls
 f - a scroll of magic mapping
 i - 2 scrolls of teleportation
 s - 3 scrolls of amnesia
 u - a scroll of immolation
 y - a scroll of blinking
 z - 3 scrolls of identify
 B - 3 scrolls of fear
Potions
 b - a potion of mutation
 d - 2 potions of might
 e - a potion of magic
 g - 3 potions of heal wounds


   Skills:
 * Level 4.2 Fighting
 * Level 5.4 Polearms
 * Level 4.7 Armour
 * Level 2.6 Dodging
 * Level 5.1 Shields
 * Level 2.4 Spellcasting


You had 11 spell levels left.
You didn't know any spells.
Your spell library was empty.

Dungeon Overview and Level Annotations

Branches:
Dungeon (7/15)             Temple (1/1) D:4

Annotations:
D:3 2 transporters, Sneforious's ghost, amateur DrBe


Innate Abilities, Weirdness & Mutations

You have an increased reservoir of magic. (+10% MP)
You are partially covered in slimy green scales. (AC +2)
You possess an exceptional clarity of mind.
You are frail. (-10% HP)


Message History

The bolt of electricity hits the plant!
The bolt of electricity hits you!
The bolt of electricity hits the plant!
The plant begins to die.
A nearby plant withers and dies.
The electric eel shoots out a bolt of lightning at you!
The bolt of electricity hits you.
The bolt of electricity hits the plant!
A nearby plant withers and dies.
The electric eel shoots out a bolt of lightning at you!
The bolt of electricity hits you.
The electric eel shoots out a bolt of lightning at you!
The bolt of electricity hits you!
You puncture the plant!
The plant begins to die.
You freeze the plant.
The plant is lightly damaged.
The electric eel shoots out a bolt of lightning at you!
The bolt of electricity hits you!
The electric eel shoots out a bolt of lightning at you!
The bolt of electricity hits you!
* * * LOW HITPOINT WARNING * * *
The electric eel shoots out a bolt of lightning at you!
The bolt of electricity hits the plant!
The bolt of electricity hits you.
You die...

....≈P≈≈PP≈≈≈≈≈≈ ###
#...♣≈≈≈≈≈;≈≈≈≈≈ ...#
#............... ...##
#...♣≈≈≈≈≈≈≈≈≈≈≈ ....#
#.#♣PP≈≈≈≈≈≈≈≈≈P ....#
#.#≈P≈≈≈≈≈≈≈♣♣♣P ....#
#.#♣P≈≈≈≈≈♣♣♣
.##.#########.#P≈P≈≈≈≈♣
....#..........♣@≈≈≈≈≈♣
.##.#.#######.#.♣≈≈≈♣≈♣
......#######.#.#≈≈♣###
.......[......#.##≈#
####..#########.####
#..# #.# #..# #.# #..#
#.# #..# ...


You could see an electric eel.

Vanquished Creatures
  2 water moccasins
  A phantom (D:5)
  3 ogres
  2 bullfrogs (D:6)
  2 scorpions
  A howler monkey (D:4)
  2 quasits
  A hound (D:7)
  A jelly (D:6)
  A bullfrog skeleton (D:6)
  An orc priest (D:6)
  An orc wizard (D:6)
  8 worker ants
  A killer bee zombie (D:5)
  A hound skeleton (D:6)
  3 gnolls (D:3)
  7 adders
  An ooze (D:1)
  An adder zombie (D:7)
  2 worms
  A dart slug (D:1)
  4 leopard geckos
  3 orcs
  7 bats
  A giant cockroach (D:3)
  A goblin (D:3)
  5 hobgoblins
  11 jackals
  A quokka (D:2)
  3 frilled lizards
  4 kobolds
  A leopard gecko zombie (D:7)
  9 rats
93 creatures vanquished.

Vanquished Creatures (others)
  5 plants
5 creatures vanquished.

Grand Total: 98 creatures vanquished

Notes
Turn   | Place    | Note
-------+----------+-------------------------------------------
     0 | D:1      | DungeonDestroyer the Demigod Fighter began the quest for
                  | the Orb.
     0 | D:1      | Reached XP level 1. HP: 18/18 MP: 3/3
   148 | D:1      | Reached XP level 2. HP: 25/25 MP: 4/4
   637 | D:2      | Reached XP level 3. HP: 29/31 MP: 5/5
  1190 | D:2      | Gained mutation: You possess an exceptional clarity of
                  | mind. [potion of mutation]
  1190 | D:2      | Gained mutation: You are frail. (-10% HP) [potion of
                  | mutation]
  1190 | D:2      | Gained mutation: You are partially covered in slimy green
                  | scales. (AC +2) [potion of mutation]
  1762 | D:3      | Found a transporter.
  1762 | D:3      | Noticed Sneforious's ghost (amateur DrBe)
  1804 | D:3      | Found a sacrificial altar of Ru.
  1804 | D:3      | Found a radiant altar of Vehumet.
  1827 | D:3      | Reached XP level 4. HP: 34/34 MP: 7/7
  1956 | D:3      | Found a transporter.
  2022 | D:3      | Noticed a water moccasin
  2033 | D:3      | Killed a water moccasin
  2034 | D:3      | Reached skill level 1 in Dodging
  2034 | D:3      | Reached skill level 1 in Spellcasting
  2034 | D:3      | Reached XP level 5. HP: 19/40 MP: 7/9
  3020 | D:4      | Reached XP level 6. HP: 43/45 MP: 10/10
  3090 | D:4      | Found a staircase to the Ecumenical Temple.
  3657 | Temple   | Entered the Ecumenical Temple
  3908 | D:5      | Entered Level 5 of the Dungeon
  4022 | D:5      | Reached XP level 7. HP: 44/52 MP: 12/12
  4290 | D:5      | Found a broken altar of Ashenzari.
  4730 | D:6      | Found a stormy altar of Qazlal.
  5258 | D:6      | Reached skill level 5 in Polearms
  5317 | D:6      | Reached XP level 8. HP: 31/59 MP: 14/14
  5568 | D:6      | Reached skill level 5 in Shields
  5789 | D:7      | Killed from afar by an electric eel

Illustrated notes

Levels and vault maps discovered:
D:1:      saegor_arrival_simple_b, layout_rooms,
          hangedman_abyss_or_decor_lesser_grid, patterned_corridor
D:2:      layout_basic
D:3:      layout_loops_cross, gammafunk_temple_overflow_pools,
          gammafunk_ghost_mausoleum, minmay_door_square, serial_bayou_pond_c
D:4:      minmay_wonky_spiral, layout_cave_pods, minmay_temple_entry_steel_oval
D:5:      layout_basic, minmay_misc_feat_iff, nicolae_ashenzari_panopticon
D:6:      layout_basic, basic_altar, kennysheep_generic_room_3
D:7:      layout_basic, grunt_dithmenos_smoke_and_mirrors, serial_bayou,
          serial_bayou_pond_a, serial_bayou_lagoon_b, serial_bayou_lagoon_a,
          serial_bayou_pond_b
Temple:   dpeg_five_rooms_temple

Skill      XL: |  1  2  3  4  5  6  7  8 |
---------------+-------------------------+-----
Fighting       | 3 4 |  4.2
Polearms       | 2 3 4 5 |  5.4
Armour         | 3 4 |  4.7
Shields        | 3 4 5 |  5.1
Dodging        | 1 2 |  2.6
Spellcasting   | 1 2 |  2.4

Action                   |  1- 3 |  4- 6 |  7- 9 || total
-------------------------+-------+-------+-------++-------
Melee: Trident           |   123 |       |       ||   123
       Spear             |     7 |   126 |   137 ||   270
  Use: Scroll            |     5 |     2 |     5 ||    12
       Potion            |     5 |     3 |     1 ||     9
Armor: Scale mail        |    56 |     2 |       ||    58
       Chain mail        |       |     9 |    39 ||    48
Dodge: Dodged            |    32 |     6 |    28 ||    66
Block: Kite shield       |    58 |    62 |   123 ||   243
       Reflection        |       |       |     3 ||     3
